AoeStats
← Bassman

Fortress

509101696Analyzed
2v2 RM · 7d ago on Sep 25, 2026· 21m 42s· 4 players
Game mode
Random Map
Map size
Normal (6 player)
Population
200
Speed
Normal
Resources
Standard
Victory
Conquest
Starting age
Dark Age
Ending age
Imperial Age
RankedLock teamsTeams togetherTeam positionsShared explorationLock speedFull tech treeHidden civsTurbo modeCheats
Victory
Defeat
🇫🇴 Danes · Faroe Islands
959
+17
🇫🇴 Franks · Faroe Islands
959
+17
🇬🇧 Britons · United Kingdom
1017
-19
🇩🇪 Saracens · Germany
925
-15
Rógv1 B0NG
2:30 Loom
7:41 Feudal Age
9:21 Double-Bit Axe
12:32 Castle Age
10:46 Scale Mail Armor
10:40 Horse Collar
11:52 Arson
12:45 Forging
12:35 Gold Mining
14:10 Heavy Plow
16:08 Chain Mail Armor
17:16 Gambesons
19:46 Squires
Bassman
7:01 Feudal Age
8:28 Wheelbarrow
13:03 Castle Age
12:28 Scale Mail Armor
12:33 Scale Barding Armor
13:09 Gold Mining
13:10 Double-Bit Axe
14:35 Chain Mail Armor
18:31 Chain Barding Armor
19:35 Husbandry
Donelson
7:34 Feudal Age
6:53 Loom
13:48 Castle Age
12:14 Double-Bit Axe
12:47 Horse Collar
13:10 Loom
14:03 Crossbowman
19:38 Fletching
20:39 Padded Archer Armor
21:28 Bodkin Arrow
Flip
0:51 Loom
7:17 Feudal Age
8:05 Double-Bit Axe
8:06 Horse Collar
13:39 Castle Age
12:08 Gold Mining
12:20 Fletching
14:10 Crossbowman
14:52 Bodkin Arrow
16:19 Padded Archer Armor
19:13 Scale Mail Armor
20:18 Town Watch
Connection lost

Rejoining the realm…

Still unreachable

The connection could not be restored.

Session expired

The server has moved on; the page needs a fresh start.